 Dungeon Sprint DCSS version 0.23.2 (webtiles) character file.

Game seed: 14063982702454491129

112 nuthulu the Covert (level 4, 0/30 HPs)
             Began as a Vampire Enchanter on Apr 2, 2019.
             Was an Initiate of Dithmenos.
             Splashed by an oklob sapling wizard's acid (11 damage)
             ... in the Dungeon (Sprint IV: "Fedhas' Mad Dash").
             The game lasted 00:00:49 (149 turns).

nuthulu the Covert (Vampire Enchanter)               Turns: 149, Time: 00:00:50

Health: 0/30       AC: -2    Str:  7    XL:     4   Next: 64%
Magic:  5/7        EV: 13    Int: 17    God:    Dithmenos [......]
Gold:   55         SH:  0    Dex: 15    Spells: 6/7 levels left

rFire    . . .     SeeInvis +   a - +1 dagger
rCold    . . .     Gourm    .   (no shield)
rNeg     + . .     Faith    .   b - +0 robe
rPois    .         Spirit   .   (no helmet)
rElec    .         Reflect  .   (no cloak)
rCorr    .         Harm     .   (no gloves)
MR       .....     NoTele   +   (no boots)
Stlth    +++++.....             k - amulet of invisibility {+Inv}
HPRegen  0.10/turn              (no ring)
MPRegen  0.10/turn              (no ring)

@: corroded, very slightly contaminated, invisible
A: fangs 3, see invisible, unbreathing
a: Bat Form, Renounce Religion


You were in the Dungeon.
You worshipped Dithmenos.
Dithmenos was noncommittal.
You were not thirsty.

You visited 1 branch You collected 55 gold pieces.

Inventory:

Hand Weapons
 a - a +1 dagger (weapon)
Armour
 b - a +0 robe (worn)
Jewellery
 k - the amulet of invisibility (around neck) {+Inv}
   (You found it in the Dungeon)

   [amulet of nothing]

   It lets you turn invisible.
Scrolls
 c - a scroll of identify {unknown}
 j - a scroll of blinking
Potions
 d - a potion of blood
 e - a potion of curing
 f - a potion of heal wounds
 g - a potion of haste
 h - 2 potions of magic
 i - a potion of berserk rage
 l - a potion of flight {unknown}


   Skills:
 - Level 1.1 Short Blades
 - Level 2.1 Dodging
 + Level 13.2 Stealth
 - Level 2.0 Spellcasting
 - Level 4.4 Hexes
 + Level 3.2 Evocations


You had 6 spell levels left.
You knew the following spells:

 Your Spells              Type           Power        Failure   Level  Hunger
a - Corona                Hex            ###....      3%          1    #......

Your spell library contained the following spells:

 Spells                   Type           Power        Failure   Level  Hunger
 Confuse                  Hex            ###.....     10%         3    ###....
 Tukima's Dance           Hex            ###.....     10%         3    ###....
 Ensorcelled Hibernation  Hex/Ice        #.....       12%         2    ###....
 Dazzling Spray           Conj/Hex       #.....       24%         3    ###....


Dungeon Overview and Level Annotations

Branches:
Dungeon (1/1)

Altars:
Cheibriados
Dithmenos
Elyvilon
Gozag
Hepliaklqana
Kikubaaqudgha
Makhleb
Nemelex Xobeh
Okawaru
Qazlal
Ru
Sif Muna
Trog
Uskayaw
Vehumet
Wu Jian
Xom
Yredelemnul
Zin
The Shining One
Beogh
Jiyva
Lugonu

Annotations:
D exclusion: oklob sapling


Innate Abilities, Weirdness & Mutations

You have razor-sharp teeth.
You have supernaturally acute eyesight. (SInv)
You can survive without breathing.


Message History

You flicker back into view.
You start resting.
Magic restored.
You start waiting.
Your magical contamination has completely faded away.
You open the door.
Marking area around the oklob sapling wizard as unsafe for travelling.
An oklob sapling wizard comes into view.
Found a dagger and 11 gold pieces.
The oklob sapling wizard stares at you and mumbles some strange words.
The magic dart hits you.
There is an open door here.
You fade into invisibility!
You are very lightly contaminated with residual magic.
You feel somewhat more thirsty.
The oklob sapling wizard casts a spell at you.
The magic dart hits you.
The oklob sapling wizard spits acid at you.
The splash of acid hits you! The acid corrodes you!
You are splashed with acid!
You die...

###################
.#.⌠._._._._.⌠.#.)+
.'.._._._._._..'@P#
.#..._._._._...#..#
##.._._._._._..#.$#
#._._._._._.⌠.####
###############


You could see an oklob sapling wizard.

Vanquished Creatures
  2 oklob saplings (D)
  A worker ant (D)
  A river rat (D)
  A rat (D)
5 creatures vanquished.

Notes
Turn   | Place    | Note
-------+----------+-------------------------------------------
     0 | D        | nuthulu the Vampire Enchanter began the quest for the Orb.
     0 | D        | Reached XP level 1. HP: 13/13 MP: 3/3
     8 | D        | Reached skill level 7 in Stealth
     8 | D        | Reached XP level 2. HP: 19/19 MP: 5/5
    10 | D        | Reached skill level 8 in Stealth
    17 | D        | Noticed an oklob sapling
    19 | D        | Killed an oklob sapling
    19 | D        | Reached skill level 10 in Stealth
    19 | D        | Reached XP level 3. HP: 24/24 MP: 6/6
    22 | D        | Found the amulet of invisibility {+Inv}
    24 | D        | Reached skill level 12 in Stealth
    49 | D        | Found an opulent altar of Gozag.
    49 | D        | Found a hazy altar of Hepliaklqana.
    49 | D        | Found a burning altar of Makhleb.
    49 | D        | Found a roughly hewn altar of Beogh.
    49 | D        | Found a sparkling altar of Nemelex Xobeh.
    49 | D        | Found a snail-covered altar of Cheibriados.
    49 | D        | Found a sacrificial altar of Ru.
    49 | D        | Found a deep blue altar of Sif Muna.
    49 | D        | Found a shimmering altar of Xom.
    49 | D        | Found a basalt altar of Yredelemnul.
    50 | D        | Found a viscous altar of Jiyva.
    50 | D        | Found a bloodstained altar of Trog.
    50 | D        | Found an ornate altar of the Wu Jian Council.
    50 | D        | Noticed an oklob sapling priest
    51 | D        | Found an iron altar of Okawaru.
    51 | D        | Found a shadowy altar of Dithmenos.
    51 | D        | Found a glowing silver altar of Zin.
    52 | D        | Found an ancient bone altar of Kikubaaqudgha.
    52 | D        | Found a hide-covered altar of Uskayaw.
    53 | D        | Found a stormy altar of Qazlal.
    53 | D        | Found a white marble altar of Elyvilon.
    53 | D        | Found a glowing golden altar of the Shining One.
    54 | D        | Found a corrupted altar of Lugonu.
    54 | D        | Found a radiant altar of Vehumet.
    57 | D        | Killed an oklob sapling priest
    57 | D        | Reached skill level 13 in Stealth
    57 | D        | Reached XP level 4. HP: 30/30 MP: 4/7
    60 | D        | Became a worshipper of Dithmenos the Shadowed
   149 | D        | Splashed by an oklob sapling wizard's acid

Skill      XL: |  1  2  3 |
---------------+----------+-----
Stealth        | 7 10 13 | 13.2
Evocations     | 3 |  3.2
Short Blades   | |  1.1
Dodging        | |  2.1
Spellcasting   | |  2.0
Hexes          | |  4.4

Action                   |  1- 3 |  4- 6 || total
-------------------------+-------+-------++-------
Melee: Dagger            |     5 |       ||     5
 Abil: Evoke Invisibilit |     1 |     1 ||     2
 Stab: Sleeping          |     5 |       ||     5
